[ AOE2 MATCH · #506921809 ]
UnrankedKoreans vs Bengalis
Player's team · LOSS
Rival team · WIN
[ REPLAY ANALYSIS · EXTRACTED FROM THE RECORDED GAME ]
Feudal
9:37
Castle
—
Imperial
—
| APM avg | 43.0 |
| APM peak | 76 |
| eAPM avg | 28.0 |
| Villagers / military | 80 / 11 |
Focus
⚔️ 49.0% · 🌾 51.0%
Spearman ×11
Feudal
9:23
Castle
24:44
Imperial
—
| APM avg | 56.0 |
| APM peak | 80 |
| eAPM avg | 19.3 |
| Villagers / military | 73 / 18 |
Focus
⚔️ 40.4% · 🌾 59.6%
Scout Cavalry ×12 · Militia ×3 · Elephant Archer ×2 · Armored Elephant ×1
Match map
Initial resources + every placement click. Lines = walls · curves = elevation contours. ◆ gold · ⬟ stone · ● berries · ✦ relic · ◌ wall gap
Your base· Open — unwalled flank
snowshawnskate's base· Open — 3t gap
Smoothed initial terrain · ◌ = detected wall gap · hover for details
Inputs per minute
— Corzak - - snowshawnskate
Build order — Corzak
First 150 of 181 actions detected
| 0:00 | Queue | Villager (Male) |
| 0:01 | Queue | Villager (Male) |
| 0:01 | Queue | Villager (Male) |
| 0:02 | Build | House |
| 0:03 | Build | House |
| 0:07 | Queue | Villager (Male) |
| 1:33 | Queue | Villager (Male) |
| 1:33 | Queue | Villager (Male) |
| 2:11 | Queue | Villager (Male) |
| 2:32 | Queue | Villager (Male) |
| 2:42 | Build | Lumber Camp |
| 3:11 | Queue | Villager (Male) |
| 3:20 | Queue | Villager (Male) |
| 3:24 | Build | House |
| 4:00 | Queue | Villager (Male) |
| 4:25 | Queue | Villager (Male) |
| 4:25 | Queue | Villager (Male) |
| 4:42 | Queue | Villager (Male) |
| 5:02 | Queue | Villager (Male) |
| 5:23 | Build | Mill |
| 5:36 | Queue | Villager (Male) |
| 5:37 | Research | Loom |
| 6:30 | Queue | Villager (Male) |
| 7:05 | Build | Mining Camp |
| 7:24 | Build | Palisade Wall |
| 7:27 | Research | Feudal Age |
| 7:50 | Build | Palisade Wall |
| 7:54 | Build | Palisade Wall |
| 8:02 | Queue | Villager (Male) |
| 9:16 | Queue | Villager (Male) |
| 9:32 | Build | Barracks |
| 9:37 | Age | Feudal Age |
| 9:45 | Research | Double-Bit Axe |
| 9:53 | Build | Watch Tower |
| 10:02 | Queue | Villager (Male) |
| 10:04 | Build | House |
| 10:11 | Build | House |
| 10:16 | Research | Town Watch |
| 10:31 | Queue | Villager (Male) |
| 10:33 | Build | Palisade Wall |
| 10:36 | Build | House |
| 10:38 | Build | Palisade Wall |
| 10:50 | Build | Watch Tower |
| 10:52 | Queue | Villager (Male) |
| 10:54 | Queue | Spearman |
| 11:08 | Build | Watch Tower |
| 11:09 | Queue | Villager (Male) |
| 11:38 | Queue | Spearman |
| 11:46 | Queue | Villager (Male) |
| 11:49 | Queue | Villager (Male) |
| 12:12 | Build | House |
| 12:23 | Build | Watch Tower |
| 12:28 | Build | House |
| 12:34 | Queue | Spearman |
| 13:02 | Queue | Villager (Male) |
| 13:22 | Build | Farm |
| 13:23 | Build | Farm |
| 13:34 | Build | House |
| 13:36 | Build | Palisade Wall |
| 13:38 | Build | Palisade Wall |
| 13:50 | Queue | Villager (Male) |
| 13:53 | Queue | Villager (Male) |
| 13:53 | Queue | Villager (Male) |
| 14:03 | Queue | Spearman |
| 14:17 | Build | Farm |
| 14:17 | Build | Farm |
| 14:18 | Build | Farm |
| 14:34 | Build | Farm |
| 14:38 | Build | Palisade Wall |
| 14:46 | Queue | Spearman |
| 15:21 | Build | Watch Tower |
| 15:22 | Queue | Villager (Male) |
| 15:24 | Build | Palisade Wall |
| 15:25 | Build | Palisade Wall |
| 15:27 | Queue | Villager (Male) |
| 15:27 | Queue | Villager (Male) |
| 15:36 | Queue | Villager (Male) |
| 15:36 | Queue | Villager (Male) |
| 15:59 | Build | Farm |
| 16:00 | Build | Farm |
| 16:06 | Build | Palisade Wall |
| 16:13 | Queue | Villager (Male) |
| 16:20 | Build | Palisade Wall |
| 16:33 | Build | Mill |
| 16:40 | Queue | Spearman |
| 16:44 | Build | Palisade Wall |
| 16:46 | Build | Palisade Wall |
| 16:47 | Build | Palisade Wall |
| 16:51 | Queue | Villager (Male) |
| 17:10 | Build | Watch Tower |
| 17:11 | Queue | Villager (Male) |
| 17:11 | Queue | Villager (Male) |
| 17:28 | Build | Palisade Wall |
| 17:30 | Build | Palisade Wall |
| 17:31 | Build | Palisade Wall |
| 17:35 | Queue | Villager (Male) |
| 17:37 | Build | Blacksmith |
| 17:40 | Queue | Spearman |
| 18:09 | Queue | Villager (Male) |
| 18:10 | Queue | Villager (Male) |
| 18:40 | Queue | Villager (Male) |
| 19:26 | Build | Watch Tower |
| 19:27 | Queue | Villager (Male) |
| 19:27 | Queue | Villager (Male) |
| 19:28 | Build | House |
| 19:31 | Build | Palisade Wall |
| 19:31 | Build | Palisade Wall |
| 19:34 | Build | Palisade Wall |
| 19:42 | Queue | Villager (Male) |
| 19:52 | Queue | Spearman |
| 19:55 | Build | Farm |
| 19:58 | Build | Farm |
| 20:13 | Queue | Villager (Male) |
| 20:25 | Queue | Villager (Male) |
| 20:32 | Queue | Villager (Male) |
| 20:59 | Queue | Villager (Male) |
| 20:59 | Queue | Villager (Male) |
| 21:04 | Research | Horse Collar |
| 21:10 | Build | Watch Tower |
| 21:25 | Build | Watch Tower |
| 21:26 | Queue | Villager (Male) |
| 21:26 | Queue | Villager (Male) |
| 21:28 | Build | Palisade Wall |
| 21:30 | Build | Palisade Wall |
| 21:31 | Build | Palisade Wall |
| 21:38 | Queue | Villager (Male) |
| 21:51 | Queue | Villager (Male) |
| 21:56 | Queue | Villager (Male) |
| 21:57 | Queue | Villager (Male) |
| 21:59 | Build | House |
| 22:02 | Research | Wheelbarrow |
| 22:24 | Queue | Villager (Male) |
| 22:24 | Queue | Villager (Male) |
| 22:25 | Build | House |
| 22:38 | Build | Watch Tower |
| 22:39 | Queue | Villager (Male) |
| 23:02 | Queue | Villager (Male) |
| 23:02 | Queue | Villager (Male) |
| 23:10 | Queue | Villager (Male) |
| 23:15 | Queue | Spearman |
| 23:18 | Build | House |
| 23:27 | Build | Watch Tower |
| 23:42 | Build | Mill |
| 23:44 | Queue | Villager (Male) |
| 23:51 | Research | Fletching |
| 23:54 | Build | Farm |
| 23:57 | Build | Palisade Wall |
| 23:59 | Build | Palisade Wall |
| 24:00 | Build | Palisade Wall |
| 24:22 | Build | Watch Tower |
Build order — snowshawnskate
First 150 of 178 actions detected
| 0:00 | Queue | Villager (Male) |
| 0:01 | Queue | Villager (Male) |
| 0:02 | Build | House |
| 0:03 | Build | House |
| 0:18 | Queue | Villager (Male) |
| 0:20 | Queue | Villager (Male) |
| 1:43 | Queue | Villager (Male) |
| 1:48 | Build | Lumber Camp |
| 2:06 | Queue | Villager (Male) |
| 2:30 | Queue | Villager (Male) |
| 2:55 | Queue | Villager (Male) |
| 3:12 | Queue | Villager (Male) |
| 3:40 | Build | House |
| 3:50 | Queue | Villager (Male) |
| 3:56 | Queue | Villager (Male) |
| 4:17 | Queue | Villager (Male) |
| 4:45 | Build | Mill |
| 4:48 | Queue | Villager (Male) |
| 5:05 | Queue | Villager (Male) |
| 5:30 | Queue | Villager (Male) |
| 5:58 | Queue | Villager (Male) |
| 6:48 | Research | Loom |
| 7:07 | Research | Feudal Age |
| 7:37 | Build | Lumber Camp |
| 7:37 | Queue | Villager (Male) |
| 7:53 | Build | House |
| 8:37 | Build | Barracks |
| 9:23 | Age | Feudal Age |
| 9:25 | Queue | Villager (Male) |
| 9:28 | Build | Stable |
| 9:30 | Research | Double-Bit Axe |
| 9:42 | Build | House |
| 9:43 | Build | House |
| 9:58 | Queue | Villager (Male) |
| 10:06 | Build | Mill |
| 10:09 | Queue | Scout Cavalry |
| 10:19 | Queue | Villager (Male) |
| 10:36 | Build | Mill |
| 10:42 | Queue | Scout Cavalry |
| 10:47 | Queue | Scout Cavalry |
| 10:50 | Queue | Villager (Male) |
| 10:54 | Build | House |
| 11:10 | Research | Horse Collar |
| 11:16 | Build | Farm |
| 11:19 | Queue | Villager (Male) |
| 11:23 | Queue | Scout Cavalry |
| 11:34 | Build | Farm |
| 11:38 | Queue | Villager (Male) |
| 11:47 | Build | Farm |
| 11:55 | Queue | Villager (Male) |
| 12:00 | Queue | Villager (Male) |
| 12:10 | Build | Farm |
| 12:14 | Queue | Scout Cavalry |
| 12:18 | Build | House |
| 12:33 | Queue | Villager (Male) |
| 12:34 | Queue | Villager (Male) |
| 12:39 | Build | Farm |
| 12:45 | Queue | Villager (Male) |
| 12:58 | Queue | Villager (Male) |
| 12:59 | Queue | Scout Cavalry |
| 13:03 | Build | Farm |
| 13:04 | Build | Farm |
| 13:08 | Queue | Villager (Male) |
| 13:13 | Build | House |
| 13:14 | Build | Palisade Wall |
| 13:17 | Queue | Villager (Male) |
| 13:19 | Build | Farm |
| 13:35 | Queue | Villager (Male) |
| 13:47 | Queue | Villager (Male) |
| 13:53 | Queue | Scout Cavalry |
| 14:05 | Queue | Villager (Male) |
| 14:09 | Build | House |
| 14:14 | Build | Farm |
| 14:14 | Build | Farm |
| 14:15 | Build | Farm |
| 14:15 | Build | Farm |
| 14:15 | Build | Farm |
| 14:15 | Build | Farm |
| 14:16 | Build | Farm |
| 14:16 | Build | Farm |
| 14:23 | Queue | Villager (Male) |
| 14:25 | Build | Farm |
| 14:30 | Research | Wheelbarrow |
| 14:38 | Build | House |
| 14:40 | Queue | Villager (Male) |
| 14:57 | Queue | Scout Cavalry |
| 15:01 | Build | House |
| 15:03 | Build | House |
| 15:07 | Build | House |
| 15:12 | Queue | Villager (Male) |
| 15:37 | Queue | Villager (Male) |
| 15:45 | Build | Farm |
| 15:51 | Queue | Villager (Male) |
| 15:54 | Queue | Militia |
| 15:57 | Queue | Villager (Male) |
| 16:00 | Build | Blacksmith |
| 16:02 | Build | Farm |
| 16:04 | Queue | Villager (Male) |
| 16:09 | Queue | Scout Cavalry |
| 16:09 | Queue | Scout Cavalry |
| 16:15 | Queue | Militia |
| 16:20 | Build | Mining Camp |
| 16:33 | Queue | Villager (Male) |
| 16:41 | Research | Forging |
| 16:42 | Queue | Villager (Male) |
| 16:50 | Build | Farm |
| 16:56 | Queue | Villager (Male) |
| 17:12 | Queue | Villager (Male) |
| 17:20 | Build | Farm |
| 17:34 | Queue | Villager (Male) |
| 17:36 | Build | Watch Tower |
| 17:52 | Queue | Villager (Male) |
| 17:58 | Queue | Villager (Male) |
| 18:07 | Queue | Villager (Male) |
| 18:16 | Build | House |
| 18:22 | Queue | Villager (Male) |
| 18:42 | Queue | Villager (Male) |
| 19:03 | Queue | Militia |
| 19:05 | Queue | Villager (Male) |
| 19:05 | Queue | Villager (Male) |
| 19:11 | Research | Bloodlines |
| 19:27 | Build | Farm |
| 19:47 | Queue | Villager (Male) |
| 19:57 | Queue | Villager (Male) |
| 20:14 | Queue | Villager (Male) |
| 20:21 | Queue | Villager (Male) |
| 20:24 | Build | Farm |
| 20:34 | Build | Farm |
| 21:03 | Build | Mining Camp |
| 21:11 | Build | House |
| 21:13 | Build | House |
| 21:17 | Research | Town Watch |
| 22:04 | Research | Castle Age |
| 22:09 | Research | Man-at-Arms (upgrade) |
| 22:15 | Build | Farm |
| 22:29 | Build | Archery Range |
| 22:44 | Queue | Scout Cavalry |
| 22:44 | Queue | Scout Cavalry |
| 22:59 | Build | Watch Tower |
| 23:23 | Build | Farm |
| 23:30 | Build | Palisade Wall |
| 23:31 | Build | Palisade Wall |
| 23:34 | Build | Watch Tower |
| 23:35 | Research | Fletching |
| 24:00 | Build | House |
| 24:41 | Queue | Villager (Male) |
| 24:44 | Age | Castle Age |
| 24:46 | Build | Siege Workshop |
| 24:48 | Research | Bodkin Arrow |
| 24:49 | Research | Bodkin Arrow |
Match timeline
| 7:24 | Corzak · wall_segment Palisade Wall x1 |
| 7:50 | Corzak · wall_segment Palisade Wall x1 |
| 7:54 | Corzak · wall_segment Palisade Wall x1 |
| 8:37 | snowshawnskate · first_building Barracks |
| 9:23 | snowshawnskate · age_up feudal |
| 9:28 | snowshawnskate · first_building Stable |
| 9:32 | Corzak · first_building Barracks |
| 9:37 | Corzak · age_up feudal |
| 10:33 | Corzak · wall_segment Palisade Wall x1 |
| 10:38 | Corzak · wall_segment Palisade Wall x1 |
| 13:14 | snowshawnskate · wall_segment Palisade Wall x1 |
| 13:36 | Corzak · wall_segment Palisade Wall x1 |
| 13:38 | Corzak · wall_segment Palisade Wall x1 |
| 14:38 | Corzak · wall_segment Palisade Wall x1 |
| 15:24 | Corzak · wall_segment Palisade Wall x1 |
| 15:25 | Corzak · wall_segment Palisade Wall x1 |
| 16:06 | Corzak · wall_segment Palisade Wall x1 |
| 16:20 | Corzak · wall_segment Palisade Wall x1 |
| 16:44 | Corzak · wall_segment Palisade Wall x1 |
| 16:46 | Corzak · wall_segment Palisade Wall x1 |
| 16:47 | Corzak · wall_segment Palisade Wall x1 |
| 17:28 | Corzak · wall_segment Palisade Wall x1 |
| 17:30 | Corzak · wall_segment Palisade Wall x1 |
| 17:31 | Corzak · wall_segment Palisade Wall x1 |
| 19:31 | Corzak · wall_segment Palisade Wall x1 |
| 19:31 | Corzak · wall_segment Palisade Wall x1 |
| 19:34 | Corzak · wall_segment Palisade Wall x1 |
| 21:28 | Corzak · wall_segment Palisade Wall x1 |
| 21:30 | Corzak · wall_segment Palisade Wall x1 |
| 21:31 | Corzak · wall_segment Palisade Wall x1 |
| 22:29 | snowshawnskate · first_building Archery Range |
| 23:30 | snowshawnskate · wall_segment Palisade Wall x1 |
| 23:31 | snowshawnskate · wall_segment Palisade Wall x1 |
| 23:57 | Corzak · wall_segment Palisade Wall x1 |
| 23:59 | Corzak · wall_segment Palisade Wall x1 |
| 24:00 | Corzak · wall_segment Palisade Wall x1 |
| 24:28 | Corzak · wall_segment Palisade Wall x1 |
| 24:44 | snowshawnskate · age_up castle |
| 24:46 | snowshawnskate · first_building Siege Workshop |
| 25:44 | Corzak · first_market_sell 500 wood |
| 25:45 | Corzak · first_market_buy 100 stone |
| 26:44 | Corzak · wall_segment Palisade Wall x1 |
| 26:47 | snowshawnskate · first_building Monastery |
| 26:49 | Corzak · wall_segment Palisade Wall x1 |
| 26:54 | Corzak · wall_segment Palisade Wall x1 |
| 27:45 | Corzak · resign |
[ AI ANALYSIS · 1 CREDIT ]
What really happened in this match?
Wolo.gg analyzes every decision: build order, eco, micro, common mistakes by bracket. Personalized analysis on WhatsApp or Discord in 30 seconds.
Civ guide
Koreans
Perfil
Corzak